 Dungeon Crawl Stone Soup version 0.23-a0-494-g91793a9 (webtiles) character file.

72 Blackhawk the Skirmisher (level 4, -4/28 HPs)
             Began as a Tengu Abyssal Knight on Dec 3, 2018.
             Was a Believer of Lugonu.
             Killed from afar by Sigmund (10 damage)
             ... with a puff of flame
             ... on level 2 of the Dungeon.
             The game lasted 00:02:27 (1875 turns).

Blackhawk the Skirmisher (Tengu Abyssal Knight)     Turns: 1875, Time: 00:02:28

Health: -4/28      AC:  3    Str: 13    XL:     4   Next: 25%
Magic:  6/6        EV: 12    Int: 13    God:    Lugonu [**....]
Gold:   30         SH:  0    Dex: 13    Spells: 3/3 levels left

rFire    . . .     SeeInvis .   a - +1 mace
rCold    . . .     Gourm    .   (no shield)
rNeg     . . .     Faith    .   b - +0 leather armour
rPois    .         Spirit   .   (helmet restricted)
rElec    .         Reflect  .   (no cloak)
rCorr    .         Harm     .   (no gloves)
MR       .....                  (boots unavailable)
Stlth    +.........             (no amulet)
HPRegen  0.09/turn              (no ring)
MPRegen  0.10/turn              (no ring)

@: confused
A: beak, talons 3
a: Depart the Abyss, Bend Space, Renounce Religion


You were on level 2 of the Dungeon.
You worshipped Lugonu.
Lugonu was pleased with you.
You were not hungry.

You visited 1 branch of the dungeon, and saw 2 of its levels.
You visited the Abyss 1 time.

You collected 30 gold pieces.

Inventory:

Hand Weapons
 a - a +1 mace (weapon)
Missiles
 h - 29 sling bullets
 i - 29 stones (quivered)
Armour
 b - a +0 leather armour (worn)
Jewellery
 e - an uncursed ring of positive energy {unknown}
 g - an uncursed ring of ice {unknown}
Scrolls
 f - 2 scrolls of enchant weapon {unknown}
 k - a scroll of identify {unknown}
 m - a scroll of teleportation {unknown}
 o - 2 scrolls of fear {unknown}
Potions
 d - a potion of degeneration {unknown}
 j - 2 potions of curing {unknown}
 l - 2 potions of lignification {unknown}
 n - a potion of flight {unknown}
Comestibles
 c - 3 rations


   Skills:
 + Level 3.4 Fighting
 + Level 2.9 Maces & Flails
 + Level 2.9 Armour
 + Level 2.0 Dodging
 + Level 2.2 Invocations


You had 3 spell levels left.
You didn't know any spells.
Your spell library was empty.

Dungeon Overview and Level Annotations

Branches:
Dungeon (2/15)

Altars:

Annotations:
D:2 Sigmund


Innate Abilities, Weirdness & Mutations

You have a beak for a mouth.
You have claws for feet.


Message History

You hit Sigmund.
Sigmund is heavily wounded.
Sigmund hits you with a +0 scythe!
Ouch! That really hurt!
* * * LOW HITPOINT WARNING * * *
You closely miss Sigmund.
Sigmund is heavily wounded.
Sigmund barely misses you.
You barely miss Sigmund. You claw Sigmund.
Sigmund is heavily wounded.
Sigmund barely misses you.
You thump Sigmund! Your kick misses Sigmund. You peck Sigmund.
Sigmund is almost dead.
You closely miss Sigmund. Your kick misses Sigmund.
Sigmund is almost dead.
Sigmund gestures at you while chanting.
You are confused.
Sigmund gestures at you while chanting. The puff of flame hits you!
You die...

............####...
................ ....
#..........##### #.#.
##.........# ...
#####...#....####..#
###..##.#........#
###.)..##.#>..
....### .##...##
###.....### .##..## #
##..@@.....# ..#..###
.# #..#####.#..
.......##.###.######.
.....................
........#.###.#######
........#.##..#
........#....##
#####.......##
##......#


You could see Sigmund.

Vanquished Creatures
  2 adders (D:1)
  2 worms (D:2)
  A dart slug (D:1)
  A leopard gecko (D:1)
  5 giant cockroaches
  A goblin (D:1)
  5 hobgoblins
  3 jackals (D:1)
  8 kobolds
  A ball python (D:1)
  8 bats
  6 rats
43 creatures vanquished.

Notes
Turn   | Place    | Note
-------+----------+-------------------------------------------
     0 | Abyss:1  | Blackhawk the Tengu Abyssal Knight began the quest for the
                  | Orb.
     0 | Abyss:1  | Reached XP level 1. HP: 14/14 MP: 3/3
    98 | Abyss:1  | Noticed a chaos spawn
   134 | Abyss:1  | Noticed a large abomination
   136 | D:1      | Escaped the Abyss
   236 | D:1      | Reached * piety under Lugonu
   242 | D:1      | Reached XP level 2. HP: 13/19 MP: 4/4
   867 | D:1      | Reached XP level 3. HP: 23/23 MP: 5/5
  1458 | D:1      | Reached XP level 4. HP: 14/28 MP: 6/6
  1459 | D:1      | Reached ** piety under Lugonu
  1857 | D:2      | Noticed Sigmund
  1875 | D:2      | Killed from afar by Sigmund

Vault maps used:
D:1:      doesnt_arrival_eight_statues, grunt_decor_mini_mirrors
D:2:      uniq_sigmund

Skill      XL: |  1  2  3 |
---------------+----------+-----
Invocations    | 2 |  2.2
Dodging        | 2 |  2.0
Fighting       | |  3.4
Maces & Flails | |  2.9
Armour         | |  2.9

Action                   |  1- 3 |  4- 6 || total
-------------------------+-------+-------++-------
Melee: Mace              |    84 |    21 ||   105
       Peck              |    11 |     6 ||    17
       Kick              |    16 |     2 ||    18
Invok: Depart the Abyss  |     1 |       ||     1
  Eat: Chunk             |     2 |     1 ||     3
Armor: Leather armour    |    43 |     2 ||    45
Dodge: Dodged            |    89 |    13 ||   102

Table legend:
 A = Non-vault XP
 B = Vault XP
 C = Vault XP percentage of total XP
 D = Non-vault monster count
 E = Vault monster count
 F = Vault count percentage of total count
                 A         B        C        D         E       F
            +---------+---------+-------+---------+---------+-------
      Total |     103 |       0 |   0.0 |      43 |       0 |   0.0
            +---------+---------+-------+---------+---------+-------
        D:1 |      84 |       0 |   0.0 |      35 |       0 |   0.0
        D:2 |      19 |       0 |   0.0 |       8 |       0 |   0.0
            +---------+---------+-------+---------+---------+-------
